 Dungeon Crawl Stone Soup version 0.26-a0-812-g31a745ddcd (webtiles) character file.

Game seed: 14400718971216287687

0 CypherZel the Charlatan (level 1, -2/18 HPs)
             Began as a Naga Artificer on Nov 23, 2020.
             Slain by a goblin
             ... wielding a +4 dagger
              (4 damage)
             ... on level 1 of the Dungeon.
             The game lasted 00:02:15 (241 turns).

CypherZel the Charlatan (Naga Artificer)             Turns: 241, Time: 00:02:16

Health: -2/18      AC:  2    Str: 14    XL:     1   Next: 10%
Magic:  1/1        EV:  9    Int: 11    God:
Gold:   37         SH:  0    Dex: 11    Spells: 0/0 levels left

rFire    . . .     SeeInvis +   a - +0 club
rCold    . . .     Faith    .   (no shield)
rNeg     . . .     Spirit   .   b - +0 leather armour
rPois    +         Reflect  .   (no helmet)
rElec    .         Harm     .   (no cloak)
rCorr    .         Rampage  .   (no gloves)
MR       .....                  (no barding)
Stlth    +.........             (no amulet)
HPRegen  0.06/turn              (no ring)
MPRegen  0.07/turn              (no ring)

@: very slow
A: large, see invisible, deformed body, poison resistance, slowness 2, spit
poison 1, AC +0
a: Spit Poison


You were on level 1 of the Dungeon.
You visited 1 branch of the dungeon, and saw 1 of its levels.

You collected 37 gold pieces.

Inventory:

Hand Weapons
 a - a +0 club (weapon)
Armour
 b - a +0 leather armour (worn)
Wands
 c - a wand of flame (14)
 d - a wand of enslavement (13)
 e - a wand of random effects (15)
Scrolls
 f - a scroll of amnesia {unknown}
 g - a scroll of remove curse {unknown}


   Skills:
 + Level 1.1 Fighting
 - Level 1.5 Armour
 - Level 0.7 Dodging
 - Level 1.5 Stealth
 - Level 3.0 Evocations


You couldn't memorise any spells.
You didn't know any spells.
Your spell library was empty.

Dungeon Overview and Level Annotations

Branches:
Dungeon (1/15)

Altars:


Innate Abilities, Weirdness & Mutations

You cannot wear boots.
Your serpentine skin is tough. (AC +0)
You have supernaturally acute eyesight. (SInv)
Armour fits poorly on your strangely shaped body.
Your system is resistant to poisons. (rPois)
You cover ground very slowly.
You can spit poison.


Message History

Press: ? - help, Shift-Dir - straight line, f/p - goblin
Aim: a goblin, wielding a +4 dagger (moderately wounded, chance to defeat MR: 71%)
The goblin is charmed.
Evoke which item? (* to show all) (? for menu, Esc to quit)
Press: ? - help, Shift-Dir - straight line, f/p - goblin
Aim: a goblin, wielding a +4 dagger (moderately wounded, charmed, friendly) Really fire at your goblin?
The puff of flame misses your goblin.
Unknown command.
Press: ? - help, v - describe, . - travel
Here: a goblin, wielding a +4 dagger (moderately wounded, charmed, friendly)
The floor.
Unknown command.
Unknown command.
You start resting.
The goblin is no longer charmed.
The goblin hits you with a +4 dagger.
* * * LOW HITPOINT WARNING * * *
You hit the goblin but do no damage. The goblin completely misses you.
The goblin hits you with a +4 dagger.
You die...

.♣♣PP..##.########## .♣
♣............#..
♣♣♣♣P..##.#####.#.#
♣.♣♣P..##.# #.#.#
PP.....##.#####.#.###.#
.P♣...###.............#
..♣P..# #######.#.#####
#....## #.#.########
###### #.@.........
###g######## #.# #.#
#.# #.# #.# #.# #.#


You could see a goblin.

Vanquished Creatures
  A bat (D:1)
1 creature vanquished.

Vanquished Creatures (others)
  A plant (D:1)
1 creature vanquished.

Grand Total: 2 creatures vanquished

Notes
Turn   | Place    | Note
-------+----------+-------------------------------------------
     0 | D:1      | CypherZel the Naga Artificer began the quest for the Orb.
     0 | D:1      | Reached XP level 1. HP: 18/18 MP: 1/1
   241 | D:1      | Slain by a goblin

Illustrated notes

Levels and vault maps discovered:
D:1:      dpeg_arrival_renting, layout_basic, serial_forest,
          infiniplex_forest_lined_ring, infiniplex_forest_lined_2,
          infiniplex_forest_lined_room_, infiniplex_forest_straight_1,
          infiniplex_forest_straight_2, infiniplex_forest_clump_long,
          infiniplex_forest_zigzag_2, chequers_arboretum, minmay_split_cup_large

Action                   || total
-------------------------++-------
Melee: Club              ||    16
Evoke: Wand              ||     3
Armor: Leather armour    ||     4
Dodge: Dodged            ||     5

Table legend: (Time is in decaauts)
 A = Elapsed time spent in this place.
 B = Non-inter-level travel time spent in this place.
 C = Inter-level travel time spent in this place.
 D = Time resting spent in this place.
 E = Time spent auto-exploring this place.
 F = Levels seen in this place.
 G = Mean time per level.
                   A        B        C        D        E       F      G
               +--------+--------+--------+--------+--------+-----+--------+
         Total |    297 |    297 |      0 |     60 |    122 |   1 |  297.0 |
       Dungeon |    297 |    297 |      0 |     60 |    122 |   1 |  297.0 |
               +--------+--------+--------+--------+--------+-----+--------+

Top non-repeatable levels by time:
     D:1: 297 daAuts
